 Dungeon Crawl Stone Soup version 0.29.0-13-gc9e81de378 (webtiles) character file.

Game seed: 13042899499697733367

161 mora the Magician (level 5, 0/29 HPs)
             Began as a Deep Elf Hedge Wizard on Sept 9, 2022.
             Slain by a jelly (3 damage)
             ... on level 4 of the Dungeon.
             The game lasted 00:03:11 (3385 turns).

mora the Magician (Deep Elf Hedge Wizard)           Turns: 3385, Time: 00:03:12

Health: 0/29       AC: -6    Str:  7    XL:     5   Next: 18%
Magic:  14/14      EV: 13    Int: 21    God:
Gold:   96         SH:  0    Dex: 14    Spells: 13/14 levels left

rFire   . . .      SeeInvis .   a - +0 dagger
rCold   . . .      Faith    .   (no shield)
rNeg    . . .      Spirit   .   b - +0 robe
rPois   .          Reflect  .   c - +0 hat
rElec   .          Harm     .   (no cloak)
rCorr   .          Rampage  .   (no gloves)
Will    .....                   (no boots)
Stlth   ++........              (no amulet)
HPRegen 0.09/turn               l - ring of flight
MPRegen 0.14/turn               (no ring)

@: corroded, flying
A: no striking features
a: no special abilities


You were on level 4 of the Dungeon.
You visited 1 branch of the dungeon, and saw 4 of its levels.

You collected 96 gold pieces.

Inventory:

Hand Weapons
 a - a +0 dagger (weapon)
Armour
 b - a +0 robe (worn)
 c - a +0 hat (worn)
Jewellery
 i - a +6 ring of strength
 l - a ring of flight (left hand)
Scrolls
 f - a scroll of fear
 h - a scroll of immolation {unknown}
 k - 2 scrolls of identify {unknown}
 m - a scroll of magic mapping
 p - a scroll of enchant armour {unknown}
 r - a scroll of enchant weapon {unknown}
Potions
 e - a potion of brilliance {unknown}
 g - a potion of might {unknown}
 j - a potion of attraction {unknown}
 n - a potion of heal wounds {unknown}
 o - a potion of curing {unknown}
 q - a potion of lignification {unknown}


   Skills:
 + Level 1.2 Fighting
 + Level 3.2 Dodging
 + Level 3.3 Stealth
 + Level 5.0 Spellcasting
 + Level 2.2 Conjurations
 + Level 2.3 Summonings
 + Level 2.2 Translocations


You had 13 spell levels left.
You knew the following spells:

 Your Spells              Type           Power      Damage    Failure   Level
a - Magic Dart            Conj           56%        1d5       4%          1

Your spell library contained the following spells:

 Spells                   Type           Power      Damage    Failure   Level
 Blink                    Tloc           28%        N/A       6%          2
 Call Imp                 Summ           15%        N/A       6%          2
 Slow                     Hex            20%        N/A       11%         1
 Conjure Flame            Conj/Fire      10%        6-21      21%         3
 Mephitic Cloud           Conj/Pois/Air  8%         N/A       24%         3


Dungeon Overview and Level Annotations

Branches:
Dungeon (4/15)
 Temple: D:4-7

Altars:

Shops:
D:1 *


Message History

Casting: Magic Dart (safe; 4% risk of failure)
Confirm with . or Enter, or press ? or * to list all spells.
Aiming: Magic Dart (safe; 4% risk of failure)
Press: ? - help, Shift-Dir - straight line, f/p - adder
Aim: an adder (almost dead, 100% to hit)
The magic dart hits the adder.
You kill the adder!
You feel sick.
Casting: Magic Dart (safe; 4% risk of failure)
Confirm with . or Enter, or press ? or * to list all spells.
Aiming: Magic Dart (safe; 4% risk of failure)
Press: ? - help, Shift-Dir - straight line, f - jelly
Aim: a jelly (100% to hit)
The magic dart hits the jelly.
The jelly is lightly wounded.
You feel sick. The jelly misses you.
Casting: Magic Dart (safe; 4% risk of failure)
Confirm with . or Enter, or press ? or * to list all spells.
Aiming: Magic Dart (safe; 4% risk of failure)
Press: ? - help, Shift-Dir - straight line, f/p - jelly
Aim: a jelly (lightly wounded, 100% to hit)
The magic dart hits the jelly.
The jelly is moderately wounded.
You feel sick. The jelly hits you. The acid corrodes you!
You are splashed with acid!
You feel sick. The jelly attacks as you move away!
The jelly closely misses you.
You feel sick.
You are no longer poisoned.
The jelly attacks as you move away! The jelly hits you.
* * * LOW HITPOINT WARNING * * *
The acid corrodes you!
You are splashed with acid.
* * * LOW HITPOINT WARNING * * *
Okay, then.
Unknown command.
You aren't carrying any items that you can evoke.
Unknown command.
Unknown command.
Magic courses through your body. The jelly hits you.
You die...

#....)..... #.....≈...≈
#.(........ #....#.....
#....#..≈.. #.#...#
#)#...######
#.#......... #.##@..####
#J##J#.# ♣.♣ ###.##.#.#
# ♣.♣ ..#.##.#.## .#
♣.♣♣ ##.#.##'#..###.#
♣♣..♣ #.......)......#
###♣...####)###.......#.
..............#.......#
..............#.......#


You could see a jelly.

Vanquished Creatures
  2 orc wizards (D:4)
  A gnoll (D:1)
  6 adders
  4 orcs
  4 ball pythons
  4 endoplasms
  A giant cockroach (D:2)
  4 goblins
  4 hobgoblins
  5 kobolds
  A quokka (D:3)
  6 bats
  5 frilled lizards
  A rat (D:1)
48 creatures vanquished.

Vanquished Creatures (others)
  A dart slug (D:4)
1 creature vanquished.

Grand Total: 49 creatures vanquished

Notes
Turn   | Place    | Note
-------+----------+-------------------------------------------
     0 | D:1      | mora the Deep Elf Hedge Wizard began the quest for the Orb.
     0 | D:1      | Reached XP level 1. HP: 10/10 MP: 7/7
   353 | D:1      | Reached XP level 2. HP: 15/15 MP: 2/9
   623 | D:1      | Found Dafop's General Store.
  1589 | D:2      | Reached XP level 3. HP: 20/20 MP: 7/11
  2186 | D:2      | Found a faded altar of an unknown god.
  2722 | D:3      | Reached XP level 4. HP: 24/24 MP: 9/12
  3003 | D:4      | Reached skill level 1 in Fighting
  3250 | D:4      | Reached skill level 5 in Spellcasting
  3368 | D:4      | Reached XP level 5. HP: 29/29 MP: 4/14
  3385 | D:4      | Slain by a jelly

Illustrated notes

Levels and vault maps discovered:
D:1:      lemuel_arrival_funnel, layout_basic, serial_shops, shop, st_stairs_10,
          minmay_door_square, hex_tiny
D:2:      layout_rooms, hellmonk_ecumenical_altar_arch_garden
D:3:      minmay_chambers_of_threes, layout_basic
D:4:      layout_basic, mainiacjoe_overflow_six_doors_small, fedhas_altar_4,
          kennysheep_doodads, nrook_campfire, nicolae_eternal_life

Skill      XL: |  1  2  3  4 |
---------------+-------------+-----
Summonings     | 2 |  2.3
Stealth        | 3 |  3.3
Dodging        | 3 |  3.2
Conjurations   | 2 |  2.2
Fighting       | 1 |  1.2
Translocations | 2 |  2.2
Spellcasting   | 5 |  5.0

Action                   |  1- 3 |  4- 6 || total
-------------------------+-------+-------++-------
Melee: Dagger            |    13 |       ||    13
 Cast: Magic Dart        |    96 |    46 ||   142
  Use: Scroll            |     3 |       ||     3
       Potion            |     1 |     1 ||     2
Armor: Robe              |     6 |     3 ||     9
Dodge: Dodged            |    19 |    23 ||    42
